 Dungeon Crawl Stone Soup version 0.18-a0-1800-gdc7a371 (webtiles) character file.

103096 Minkie the Unseen (level 15, -6/106 HPs)
             Began as a Vampire Enchanter on Apr 25, 2016.
             Was the Champion of Sif Muna.
             Mangled by an air elemental (8 damage)
             ... in a wizard's laboratory.
             The game lasted 03:27:50 (29773 turns).

Minkie the Unseen (Vampire Enchanter)              Turns: 29773, Time: 03:27:51

Health: -6/106     AC: 12    Str:  7    XL:     15   Next: 88%
Magic:  26/29      EV: 16    Int: 22    God:    Sif Muna [******]
Gold:   2706       SH:  0    Dex: 23    Spells: 8 memorised, 18 levels left

rFire  . . .     SeeInvis +     h - +3 dagger (elec)
rCold  + + .     Gourm    .     m - +2 robe {Archmagi}
rNeg   + + +     Faith    .     (no shield)
rPois  +         Spirit   .     T - +2 hat
rElec  .         Dismiss  .     N - +1 cloak
rCorr  .         Reflect  .     Y - +2 pair of gloves
SustAt .         Harm     .     M - +0 pair of boots
MR     ++...                    C - amulet of magic regeneration
Stlth  +++++++++.               g - ring of protection from magic
                                f - +6 ring of dexterity

@: very slightly contaminated, regenerating slowly, invisible, very resistant to
hostile enchantments, incredibly stealthy
A: fangs 3, see invisible, low mp 1, unbreathing
a: Bat Form, Channel Energy, Forget Spell, Renounce Religion


You were in a wizard's laboratory.
You worshipped Sif Muna.
Sif Muna was exalted by your worship.
You were near bloodless.

You visited 7 branches of the dungeon, and saw 27 of its levels.
You also visited: Labyrinth, Ossuary, Volcano and Wizlab.

You collected 2928 gold pieces.
You spent 222 gold pieces at shops.

Inventory:

Hand Weapons
 b - a +2 dagger of speed
 c - the +9 rapier of the Eleven Moons {freeze, *Noise rF- Str+4 Dex+5}
   (You found it on level 8 of the Lair of Beasts)

   It has been specially enchanted to freeze those struck by it, causing extra
   injury to most foes and up to half again as much damage against particularly
   susceptible opponents.
   It can also slow down cold-blooded creatures.
   It affects your strength (+4).
   It affects your dexterity (+5).
   It makes you vulnerable to fire.
   It may make noises in combat.
 h - a +3 dagger of electrocution (weapon)
Missiles
 o - 655 stones (quivered)
Armour
 m - a +2 robe of the Archmagi (worn)
 H - a +2 robe of fire resistance
 M - a +0 pair of boots (worn)
 N - a +1 cloak (worn)
 O - a +0 buckler
 T - a +2 hat (worn)
 Y - a +2 pair of gloves (worn)
Rods
 V - a +2 rod of inaccuracy (13/13)
   (You took it off a merfolk on level 9 of the Dungeon)
Jewellery
 f - a +6 ring of dexterity (left hand)
 g - a ring of protection from magic (right hand)
 v - an uncursed ring of protection from cold
 C - an amulet of magic regeneration (around neck)
Wands
 a - a wand of acid (4/15)
Scrolls
 i - 10 scrolls of identify
 p - 7 scrolls of fog
 q - 4 scrolls of magic mapping
 B - 6 scrolls of teleportation
 D - 2 scrolls of remove curse
 Z - a scroll of blinking
Potions
 d - 30 potions of blood
 e - 11 potions of curing
 k - 5 potions of heal wounds
 l - 2 potions of brilliance
 r - 5 potions of haste
 w - 2 potions of invisibility
 y - a potion of magic
 F - 3 potions of cure mutation
 G - 2 potions of resistance
 W - 2 potions of cancellation
 X - 4 potions of agility
Books
 j - Sif Muna's Guide on the Ghastly Arsonist
   (Sif Muna gifted it to you on level 1 of the Orcish Mines)

   Spells                             Type                      Level
   a - Fireball                       Conjuration/Fire             5
   b - Cigotuvi's Embrace             Necromancy                   5


   Skills:
 - Level 6.3 Fighting
 - Level 10.0 Short Blades
 + Level 9.1 Dodging
 + Level 17.7 Stealth
 + Level 2.1 Shields
 + Level 13.4 Spellcasting
 + Level 5.0 Conjurations
 - Level 16.0 Hexes
 - Level 2.0 Summonings
 - Level 2.0 Translocations
 + Level 7.6 Ice Magic
 - Level 7.0 Air Magic
 - Level 0.1 Invocations
 - Level 0.1 Evocations


You had 18 spell levels left.
You knew the following spells:

 Your Spells              Type           Power        Failure   Level  Hunger
a - Lightning Bolt        Conj/Air       ######....   12%         5    ###....
b - Ensorcelled Hibernat  Hex/Ice        ######       1%          2    None
c - Confuse               Hex            #######.     1%          3    None
d - Invisibility          Hex            #######.     1%          6    #####..
e - Apportation           Tloc           #####.....   1%          1    None
f - Summon Butterflies    Summ           #####...     1%          1    None
g - Blink                 Tloc           N/A          3%          2    None
h - Slow                  Hex            #######.     0%          2    None


Dungeon Overview and Level Annotations

Branches:
Dungeon (13/15)            Temple (1/1) D:6            Lair (8/8) D:9
 Shoals (0/4) Lair:4       Spider (1/4) Lair:5        Slime (1/6) Lair:8
    Orc (2/2) D:9             Elf (1/3) Orc:2
 Vaults: D:13-14

Altars:
Ashenzari
Cheibriados
Dithmenos
Elyvilon
Fedhas
Gozag
Kikubaaqudgha
Makhleb
Nemelex Xobeh
Okawaru
Pakellas
Qazlal
Ru
Sif Muna
Trog
Vehumet
Xom
Yredelemnul
Zin
The Shining One
Beogh

Shops:
D:6 !   D:7 !   D:11 %   D:12 ?   Orc:1 (   Orc:2 (?:}?


Innate Abilities, Weirdness & Mutations

You heal slowly.
You have razor-sharp teeth.
You have supernaturally acute eyesight.
You can survive without breathing.
Your magical capacity is low (-10% MP).


Message History

The air elemental hits you but does no damage.
The air elemental misses you.
The insubstantial wisp thrums sharply.
You are struck by lightning.
* * * LOW HITPOINT WARNING * * *
The lightning arcs!
The air elemental hits you.
* * * LOW HITPOINT WARNING * * *
The air elemental hits you.
* * * LOW HITPOINT WARNING * * *
The air elemental hits you.
* * * LOW HITPOINT WARNING * * *
The air elemental misses you.
The air elemental completely misses you.
The air elemental closely misses you.
There is a portal leading out of this place here.
The air elemental barely misses you.
The air elemental hits you but does no damage.
The air elemental hits you!
You die...

##+##
##...##
##.....##
#....EE.#
#.∩.∩E@.#
#....v..#
##.....##
##...##
#####


You could see 3 air elementals and an insubstantial wisp.

Vanquished Creatures
  Saint Roka (Orc:2)
  An orc warlord (Orc:1)
  A minotaur (Lab)
  Snorg (Lair:4)
  Josephine (D:11)
  An ice dragon (Lair:1)
  Harold (Lair:4)
  8 hydras
  2 centaur warriors
  Erica (Orc:1)
  2 dancing weapons (Elf:1)
  3 orc high priests (Orc:2)
  12 death yaks
  A fire crab (Lair:8)
  A deep elf knight (Elf:1)
  3 hill giants
  8 orc knights
  6 orc sorcerers (Orc:2)
  A sphinx skeleton (Volcano)
  4 manticores
  3 deep elf magi (Elf:1)
  3 griffons
  2 cyclopes (D:13)
  Maurice (D:11)
  A hornet (D:13)
  6 elephants (Lair:8)
  8 black mambas
  An eye of devastation (Slime:1)
  An ice statue (Lair:1)
  A torpor snail (Lair:7)
  3 gargoyles
  A rime drake (Lair:6)
  22 spiny frogs
  A kobold demonologist (D:13)
  A guardian mummy (Volcano)
  8 komodo dragons
  2 spriggan druids (Lair:8)
  A jumping spider (Lair:5)
  8 trolls
  A merfolk (D:9)
  13 polar bears
  A minotaur skeleton (Lab)
  A boulder beetle (Lair:8)
  2 slime creatures (Lair:8)
  7 two-headed ogres
  23 redbacks
  A water elemental (D:11)
  9 spriggans
  A flying skull (Volcano)
  2 basilisks
  4 vampires
  5 wraiths (D:11)
  4 wyverns
  56 yaks
  Eustachio (D:4)
  Grum (D:11)
  2 hungry ghosts
  17 hippogriffs
  7 wargs
  4 vampire mosquitoes (D:13)
  2 hogs (D:9)
  Menkaure (D:5)
  A hill giant skeleton (Volcano)
  A soldier ant (D:10)
  An insubstantial wisp (WizLab)
  9 water moccasins
  10 porcupines
  27 orc warriors
  A sky beast (D:13)
  12 ice beasts
  14 black bears
  A phantom (D:12)
  8 wasps
  An eye of draining (D:12)
  A necrophage (D:10)
  7 ogres
  10 centaurs
  39 wolves
  9 crocodiles
  A manticore skeleton (Volcano)
  The ghost of TheGoonsmith the Conjurer, an amateur DsWz (D:3)
  4 big kobolds
  Blork the orc (D:5)
  14 giant frogs
  A gnoll sergeant (D:9)
  2 scorpions
  4 killer bees (D:9)
  10 wights (D:10)
  2 troll skeletons (Volcano)
  12 electric eels
  6 crimson imps
  A lava snake (Lair:4)
  2 centaur zombies
  12 orc priests
  Crazy Yiuf (D:5)
  3 giant frog skeletons
  6 hounds
  3 jellies
  4 centaur skeletons
  4 gnoll shamans
  9 iguanas
  2 two-headed ogre skeletons (Volcano)
  20 orc wizards
  5 worker ants
  21 sheep
  5 big kobold zombies (Ossuary)
  2 ogre skeletons (Volcano)
  A naga skeleton (Volcano)
  5 mummies
  A worker ant zombie (D:10)
  A howler monkey skeleton (D:6)
  7 gnolls
  13 adders
  52 river rats
  A shadow imp (D:9)
  A white imp (Lair:1)
  An adder zombie (D:8)
  3 worms
  2 dart slugs (D:1)
  7 giant geckos
  53 orcs
  2 spectral bats (Ossuary)
  6 bats
  8 giant cockroaches
  7 gnoll zombies (Ossuary)
  9 goblins
  10 hobgoblins
  7 jackals (D:6)
  7 quokkas
  A bat simulacrum (Ossuary)
  A giant gecko zombie (D:6)
  4 giant newts
  3 goblin simulacra (Ossuary)
  6 goblin zombies (Ossuary)
  2 hobgoblin zombies (Ossuary)
  A jackal skeleton (D:7)
  A jackal zombie (D:8)
  12 kobolds
  3 kobold simulacra (Ossuary)
  8 kobold zombies (Ossuary)
  2 orc zombies (Ossuary)
  A quokka skeleton (D:9)
  9 rats
  2 rat simulacra (Ossuary)
  2 spectral goblins (Ossuary)
  5 spectral rats (Ossuary)
  A plant (D:9)
876 creatures vanquished.

Vanquished Creatures (others)
  A river rat (Lair:3)
  2 fungi (Lair:8)
  7 plants
  8 toadstools (Lair:4)
18 creatures vanquished.

Grand Total: 894 creatures vanquished

Notes
Turn   | Place    | Note
--------------------------------------------------------------
     0 | D:1      | Minkie the Vampire Enchanter began the quest for the Orb.
     0 | D:1      | Reached XP level 1. HP: 13/13 MP: 3/3
   679 | D:1      | Reached XP level 2. HP: 17/19 MP: 5/5
   683 | D:1      | Learned a level 2 spell: Ensorcelled Hibernation
  1119 | D:1      | Reached skill level 5 in Stealth
  1366 | D:1      | Reached XP level 3. HP: 24/24 MP: 7/7
  1567 | D:2      | Reached skill level 1 in Ice Magic
  1851 | D:2      | Reached XP level 4. HP: 22/30 MP: 1/8
  2656 | D:3      | Found a shimmering altar of Xom.
  2656 | D:3      | Found a blossoming altar of Fedhas.
  2689 | D:3      | Noticed TheGoonsmith's ghost (amateur DsWz)
  2724 | D:2      | Learned a level 3 spell: Confuse
  2756 | D:3      | Killed TheGoonsmith's ghost
  2756 | D:3      | Reached skill level 6 in Stealth
  2756 | D:3      | Reached skill level 5 in Hexes
  2756 | D:3      | Reached XP level 5. HP: 25/35 MP: 10/10
  2806 | D:3      | Found an iron altar of Okawaru.
  3472 | D:4      | Noticed Eustachio
  3515 | D:4      | Noticed an ice beast
  3524 | D:4      | Killed an ice beast
  3524 | D:4      | Reached XP level 6. HP: 41/41 MP: 12/12
  3612 | D:4      | Killed Eustachio
  3612 | D:4      | Reached XP level 7. HP: 46/46 MP: 13/14
  3774 | D:4      | Found a sand-covered staircase.
  3781 | Ossuary  | Entered an ossuary
  4007 | Ossuary  | Reached skill level 5 in Spellcasting
  4105 | Ossuary  | Reached skill level 7 in Stealth
  5212 | D:5      | Entered Level 5 of the Dungeon
  5212 | D:5      | Noticed Blork the orc
  5230 | D:5      | Killed Blork the orc
  5242 | D:5      | Reached XP level 8. HP: 52/52 MP: 16/16
  5302 | D:5      | Noticed Menkaure
  5356 | D:5      | Killed Menkaure
  5356 | D:5      | Reached skill level 8 in Stealth
  5510 | D:5      | Got a steaming ring mail
  5661 | D:5      | Noticed Crazy Yiuf
  5663 | D:5      | You fall through a shaft for 2 floors!
  6049 | D:5      | Found a snail-covered altar of Cheibriados.
  6296 | D:5      | Reached skill level 5 in Short Blades
  6314 | D:5      | Killed Crazy Yiuf
  6314 | D:5      | Reached skill level 9 in Stealth
  6369 | D:6      | Found Qetamiy's Distillery.
  6375 | D:6      | Bought a potion of curing for 45 gold pieces
  6375 | D:6      | Bought a potion of lignification for 45 gold pieces
  6375 | D:6      | Bought a potion of flight for 45 gold pieces
  6375 | D:6      | Bought a potion of heal wounds for 75 gold pieces
  6388 | D:6      | Found a staircase to the Ecumenical Temple.
  6407 | Temple   | Entered the Ecumenical Temple
  6419 | Temple   | Became a worshipper of Sif Muna the Loreminder
  6555 | D:6      | Found a snail-covered altar of Cheibriados.
  6920 | D:6      | Reached XP level 9. HP: 57/57 MP: 19/19
  7232 | D:7      | Found Puduna's Distillery.
  7315 | D:7      | Bought a potion of degeneration for 12 gold pieces
  7342 | D:7      | Found a stormy altar of Qazlal.
  8127 | D:8      | Reached * piety under Sif Muna
  8649 | D:9      | Reached skill level 10 in Stealth
  8900 | D:9      | Noticed a manticore
  8901 | D:9      | Found a staircase to the Orcish Mines.
  8916 | D:9      | Killed a manticore
  8916 | D:9      | Reached skill level 10 in Hexes
  8916 | D:9      | Reached XP level 10. HP: 39/63 MP: 19/22
  9334 | D:9      | Reached ** piety under Sif Muna
  9533 | D:9      | Reached skill level 11 in Stealth
  9649 | D:9      | Noticed a manticore
  9667 | D:9      | Killed a manticore
  9987 | D:9      | Noticed a manticore
 10014 | D:9      | Killed a manticore
 10165 | D:9      | Reached *** piety under Sif Muna
 10169 | D:9      | Reached skill level 10 in Spellcasting
 10606 | D:9      | Reached skill level 12 in Stealth
 10686 | D:9      | Identified the +4 ring mail "Sigokluf" {Int+4} (You found it on level 5 of the Dungeon)
 10772 | D:9      | Found a snail-covered altar of Cheibriados.
 10832 | D:9      | Reached XP level 11. HP: 68/68 MP: 25/25
 10870 | D:9      | Found a staircase to the Lair.
 11208 | Lair:1   | Entered Level 1 of the Lair of Beasts
 11292 | Lair:1   | Identified a +0 rod of inaccuracy (11/11) (You took it off a merfolk on level 9 of the Dungeon)
 11318 | Lair:1   | Noticed an ice dragon
 11492 | Lair:1   | Got a faintly glowing robe
 11563 | Lair:1   | Identified the +0 robe of the Quahog {+Fly Dex+2} (You found it on level 1 of the Lair of Beasts)
 11582 | Lair:1   | Learned a level 6 spell: Invisibility
 11837 | Lair:1   | Reached **** piety under Sif Muna
 11938 | Lair:1   | Reached skill level 13 in Stealth
 12002 | Lair:1   | Killed an ice dragon
 12290 | Lair:1   | Noticed a six-headed hydra
 12295 | Lair:1   | Killed a six-headed hydra
 12550 | Lair:1   | Learned a level 1 spell: Apportation
 12552 | Lair:1   | Learned a level 1 spell: Summon Butterflies
 12617 | D:10     | Entered Level 10 of the Dungeon
 12916 | D:10     | Found an opulent altar of Gozag.
 13128 | D:10     | Reached XP level 12. HP: 74/74 MP: 20/27
 13442 | D:10     | Reached ***** piety under Sif Muna
 13609 | D:11     | Reached skill level 14 in Stealth
 13746 | D:11     | Found Ceodoq's Food Shoppe.
 13761 | D:11     | Reached skill level 10 in Short Blades
 13786 | D:11     | Noticed Maurice
 13788 | D:11     | Noticed Josephine
 13791 | D:11     | Killed Maurice
 13967 | D:11     | Killed Josephine
 13967 | D:11     | Reached skill level 1 in Summonings
 13967 | D:11     | Reached skill level 1 in Translocations
 14664 | D:11     | Noticed Grum
 14668 | D:11     | Killed Grum
 14769 | D:11     | Got a transparent robe
 14780 | D:11     | Identified the cursed +0 robe "Ceqalido" {MR+} (You found it on level 11 of the Dungeon)
 15243 | D:12     | Noticed a five-headed hydra
 15521 | D:12     | Killed a five-headed hydra
 15521 | D:12     | Reached skill level 1 in Fighting
 15655 | D:12     | Found a labyrinth entrance.
 15664 | Lab      | Entered a labyrinth
 16439 | Lab      | Noticed a minotaur
 16448 | Lab      | Killed a minotaur
 16580 | D:12     | Reached skill level 15 in Stealth
 16822 | D:12     | Found Pigad's Magic Scroll Emporium.
 17177 | D:12     | Noticed a centaur warrior
 17193 | D:13     | Reached XP level 13. HP: 20/85 MP: 21/28
 17764 | D:13     | Reached ****** piety under Sif Muna
 17764 | D:13     | Received a gift from Sif Muna
 17765 | D:13     | Identified Sif Muna's Catalogue of Displacement and Confrontation (Sif Muna gifted it to you on level 13 of the Dungeon)
 17946 | D:13     | Reached skill level 5 in Dodging
 17998 | D:12     | Learned a level 5 spell: Lightning Bolt
 18197 | D:13     | Found a glowing golden altar of the Shining One.
 18267 | D:13     | Reached skill level 1 in Air Magic
 18448 | Orc:1    | Entered Level 1 of the Orcish Mines
 18572 | Orc:1    | Noticed Erica
 18591 | Orc:1    | Killed Erica
 18591 | Orc:1    | Reached skill level 1 in Conjurations
 19442 | Lair:3   | Reached skill level 15 in Hexes
 20157 | Lair:4   | Reached skill level 16 in Stealth
 20170 | Lair:4   | Noticed Harold
 20174 | Lair:4   | Noticed Snorg
 20183 | Lair:4   | Killed Harold
 20201 | Lair:4   | Found a staircase to the Shoals.
 20201 | Lair:4   | Killed Snorg
 20421 | Lair:4   | Received a gift from Sif Muna
 20767 | Lair:5   | Reached XP level 14. HP: 96/96 MP: 30/30
 20831 | Lair:5   | Found a hole to the Spider Nest.
 21775 | Spider:1 | Entered Level 1 of the Spider Nest
 21827 | Spider:1 | Reached skill level 5 in Fighting
 22445 | Lair:6   | Found a dark tunnel.
 22462 | Volcano  | Entered a volcano
 22994 | Lair:6   | Learned a level 2 spell: Blink
 23553 | Lair:7   | Reached skill level 5 in Ice Magic
 23832 | Lair:7   | Reached skill level 5 in Air Magic
 24741 | Lair:8   | Entered Level 8 of the Lair of Beasts
 24751 | Lair:8   | Received a gift from Sif Muna
 24752 | Lair:8   | Identified Sif Muna's Almanac of Unstable Beguiling (Sif Muna gifted it to you on level 8 of the Lair of Beasts)
 25052 | Lair:8   | Found a staircase to the Slime Pits.
 25119 | Lair:8   | Learned a level 2 spell: Slow
 25625 | Lair:8   | Reached XP level 15. HP: 105/105 MP: 26/31
 25813 | Lair:8   | Got an iridescent rapier
 26176 | Lair:7   | Identified the +9 rapier of the Eleven Moons {freeze, *Noise rF- Str+4 Dex+5} (You found it on level 8 of the Lair of Beasts)
 26408 | Lair:8   | Reached skill level 17 in Stealth
 27025 | Slime:1  | Entered Level 1 of the Pits of Slime
 27476 | Orc:1    | Received a gift from Sif Muna
 27491 | Orc:1    | Identified Sif Muna's Guide on the Ghastly Arsonist (Sif Muna gifted it to you on level 1 of the Orcish Mines)
 27562 | Orc:2    | Entered Level 2 of the Orcish Mines
 27814 | Orc:2    | Found Riveziah's Magic Scroll Shoppe.
 27933 | Orc:2    | Found a staircase to the Elven Halls.
 27950 | Orc:2    | Noticed Saint Roka
 28188 | Orc:2    | Killed Saint Roka
 28524 | Orc:2    | Found Missar's Gadget Emporium.
 28529 | Orc:2    | Found Tetiddif's Magic Scroll Shop.
 28665 | Orc:2    | Reached skill level 1 in Shields
 28670 | Orc:2    | Gained mutation: Your magical capacity is low (-10% MP). [a neqoxec]
 28776 | Orc:2    | Found Hener's Antique Weapon Shop.
 28778 | Orc:2    | Found Owaesm's Book Emporium.
 29048 | Orc:1    | Found a roughly hewn altar of Beogh.
 29111 | Orc:1    | Noticed an orc warlord
 29145 | Orc:1    | Killed an orc warlord
 29196 | Orc:1    | Found Noddu's Antique Weapon Shop.
 29409 | Elf:1    | Entered Level 1 of the Elven Halls
 29603 | Elf:1    | Reached skill level 5 in Conjurations
 29750 | Elf:1    | Found a magical portal.
 29763 | WizLab   | Entered The Chambers of Ziadghed the Cloud Mage
 29772 | WizLab   | HP: 1/106 [air elemental (5)]
 29773 | WizLab   | Mangled by an air elemental

Vault maps used:
D:1:      dpeg_arrival_ratfight
D:3:      gammafunk_temple_overflow_elements, first_bread, okawaru_trees_1
D:4:      wad_pebble_path, gup_ossuary_entry_pyramid, kennysheep_another_room,
          uniq_eustachio
D:5:      cheibrodos_worm_habitat, uniq_menkaure, uniq_crazy_yiuf_cottage,
          uniq_blork_the_orc
D:6:      kennysheep_mini_moat, minmay_temple_entry_purple_smoke, serial_shops,
          nicolae_shop_temple_entry_statues_fountains
D:7:      overflow_temple_1_default, serial_shops, nicolae_shop_statue_plus
D:9:      kennysheep_town
D:10:     hangedman_pestilent_swarm, grunt_gozag_statues
D:11:     serial_shops, shop_statue, serial_bayou, serial_bayou_pond_e,
          serial_bayou_shore_a, serial_bayou_pond_c, serial_bayou_pond_e,
          uniq_josephine, uniq_maurice, uniq_grum
D:12:     lab_entry_generic, serial_shops, shop, grunt_ministairs_8
D:13:     basic_altar, tso_altar
Temple:   nicolae_temple_x_marks_the_god_16
Lair:1:   ice2_lemuel
Lair:2:   serial_bayou_shore_b
Lair:3:   minivault_27, lemuel_old_faithful
Lair:4:   gammafunk_lair_enchanted_lake, shoals_dummy_entry, minivault_19,
          infiniplex_staircase_pool, uniq_harold, uniq_snorg
Lair:5:   nicolae_spider_entry_tight_spaces, roderic_lost_polar_bear,
          grunt_megastairs_2
Lair:6:   nicolae_volcano_entry_hallway
Lair:8:   minmay_lair_end_enchanted_forest, slime_dummy, grunt_megastairs_3
Spider:1: uniq_aizul, uniq_asterion
Slime:1:  cheibrodos_slime_lost_civilization_4
Orc:1:    serial_shops, nicolae_shop_stone, basic_altar, uniq_erica
Orc:2:    st_orc_elflike, serial_shops, shop, uniq_saint_roka
Elf:1:    kennysheep_blocky_room, infiniplex_enter_wizlab_glasses,
          minmay_elf_necromancy
Lab:      labyrinth_mini_lab, lab_hedge, nicolae_lab_checkerboard,
          nicolae_lab_very_dead_end, nicolae_lab_plus, nicolae_lab_blocks,
          nicolae_lab_hexagon, nicolae_lab_big_swirl, lab_fountain,
          nicolae_lab_lava, nicolae_lab_swirl, nicolae_lab_grate
Ossuary:  ossuary_zaba_two_paths
Volcano:  volcano_tomb
WizLab:   wizlab_cloud

Skill      XL: |  1  2  3  4  5  6  7  8  9 10 11 12 13 14 15 |
---------------+----------------------------------------------+-----
Stealth        | 5 6 7 9 10 12 13 15 16 17 | 17.7
Ice Magic      | 1 2 4 5 7 |  7.6
Spellcasting   | 3 4 5 7 8 10 11 12 13 | 13.4
Short Blades   | 2 3 5 6 8 9 10 | 10.0
Hexes          | 5 6 7 8 10 11 12 14 15 16 | 16.0
Summonings     | 2 |  2.0
Translocations | 2 |  2.0
Fighting       | 2 4 6 |  6.3
Dodging        | 4 6 7 9 |  9.1
Air Magic      | 3 5 7 |  7.0
Conjurations   | 2 3 5 |  5.0
Shields        | 2 |  2.1
Invocations    | |  0.1
Evocations     | |  0.1

Action                   |  1- 3 |  4- 6 |  7- 9 | 10-12 | 13-15 || total
-------------------------+-------+-------+-------+-------+-------++-------
Melee: Dagger            |    97 |    53 |   354 |   401 |   894 ||  1799
       Bite              |    11 |     2 |    33 |    33 |    72 ||   151
       Rapier            |       |       |       |       |     9 ||     9
Throw: Stone             |       |     2 |       |     2 |     4 ||     8
 Cast: Corona            |     6 |       |       |       |       ||     6
       Ensorcelled Hiber |    26 |    32 |    72 |   153 |   393 ||   676
       Confuse           |       |     4 |    15 |    98 |    86 ||   203
       Invisibility      |       |       |       |     5 |    15 ||    20
       Summon Butterflie |       |       |       |       |     1 ||     1
       Blink             |       |       |       |       |     1 ||     1
       Slow              |       |       |       |       |     2 ||     2
 Abil: End Transformatio |       |       |       |     6 |     3 ||     9
       Bat Form          |       |       |       |     6 |     3 ||     9
Evoke: Rod               |       |       |       |     3 |       ||     3
  Use: Potion            |       |       |     2 |     6 |     4 ||    12
       Scroll            |       |       |     6 |    19 |     8 ||    33
 Stab: Sleeping          |    27 |    36 |    93 |   134 |   345 ||   635
       Confused          |       |     4 |    10 |    53 |    51 ||   118
       Distracted        |       |       |     1 |       |       ||     1
       Invisible         |       |       |       |    17 |    55 ||    72
Armor: Robe              |    23 |     3 |    70 |    80 |   142 ||   318
Dodge: Dodged            |    63 |    18 |   150 |   159 |   651 ||  1041
